 Dungeon Crawl Stone Soup version 0.27.1-3-gb3d3a73c9e (webtiles) character file.

Game seed: 7168692067480506299

121 soylentgreeen202 the Grave Robber (level 4, -2/30 HPs)
             Began as a Mummy Necromancer on Oct 27, 2021.
             Was a Plaything of Xom.
             Killed from afar by Natasha (6 damage)
             ... with a magic dart
             ... on level 2 of the Dungeon.
             The game lasted 00:14:36 (3197 turns).

soylentgreeen202 the Grave Robber (MuNe)            Turns: 3197, Time: 00:14:37

Health: -2/30      AC:  2    Str: 11    XL:     4   Next: 76%
Magic:  7/8        EV: 12    Int: 15    God:    Xom [.*....]
Gold:   35         SH:  0    Dex: 12    Spells: 4/9 levels left

rFire    x . .     SeeInvis .   e - +0 spear
rCold    + . .     Faith    .   (no shield)
rNeg     + + +     Spirit   .   a - +0 robe
rPois    ∞         Reflect  .   (no helmet)
rElec    .         Harm     .   (no cloak)
rCorr    .         Rampage  .   (no gloves)
Will     .....                  (no boots)
Stlth    ++........             (no amulet)
HPRegen  0.10/turn              (no ring)
MPRegen  0.11/turn              (no ring)

@: no status effects
A: cold resistance 1, negative energy resistance 3, torment resistance 2, heat
vulnerability 1, no potions
a: Renounce Religion


You were on level 2 of the Dungeon.
You worshipped Xom.
You were a plaything of Xom.
You visited 1 branch of the dungeon, and saw 2 of its levels.

You collected 35 gold pieces.

Inventory:

Hand Weapons
 e - a +0 spear (weapon)
 f - a +0 dagger
Missiles
 d - 14 boomerangs
Armour
 a - a +0 robe (worn)
 b - a +0 leather armour
 g - a +0 scale mail
Magical Staves
 c - a staff of air
Scrolls
 h - a scroll of teleportation {unknown}
 i - a scroll of immolation {unknown}


   Skills:
 - Level 1.5 Dodging
 - Level 1.5 Stealth
 - Level 3.0 Spellcasting
 + Level 6.1 Necromancy


You had 4 spell levels left.
You knew the following spells:

 Your Spells              Type           Power      Damage    Failure   Level
a - Pain                  Necr           80%        1d8       1%          1
b - Animate Skeleton      Necr           40%        N/A       1%          1
c - Vampiric Draining     Necr           10%        2d7       4%          3

Your spell library contained the following spells:

 Spells                   Type           Power      Damage    Failure   Level
 Animate Dead             Necr           10%        N/A       16%         4
 Agony                    Necr           20%        N/A       41%         5


Dungeon Overview and Level Annotations

Branches:
Dungeon (2/15)

Altars:
Xom

Annotations:
D:2 Natasha


Innate Abilities, Weirdness & Mutations

You are immune to poison.
Your flesh is cold resistant. (rC+)
You are immune to negative energy. (rN+++)
You are immune to unholy pain and torment.
You are vulnerable to heat. (rF-)
You do not drink.


Message History

The jackal barely misses you.
Casting: Pain (safe; 1% risk of failure)
Confirm with . or Enter, or press ? or * to list all spells.
Aiming: Pain (safe; 1% risk of failure)
Press: ? - help, Shift-Dir - straight line, f - jackal
Aim: a jackal (chance to affect: 90%)
The jackal writhes in agony.
The jackal closely misses you.
Natasha wildly gestures.
Natasha's front paws start to glow.
Casting: Pain (safe; 1% risk of failure)
Confirm with . or Enter, or press ? or * to list all spells.
Aiming: Pain (safe; 1% risk of failure)
Press: ? - help, Shift-Dir - straight line, f/p - jackal
Aim: a jackal (severely wounded, chance to affect: 90%)
The jackal writhes in agony!
You kill the jackal! "Heh heh heh..."
You are confused.
Natasha looks rather confused.
You are now a plaything of Xom.
Natasha seems less confused.
Natasha casts a spell.
The crimson imp shouts, "Go and return not, thou canting mumble-news slime mould!"
You're too confused to cast spells.
Okay, then.
You closely miss the crimson imp. The crimson imp barely misses you.
Natasha howls an incantation.
Natasha shimmers violently.
Natasha zaps a wand.
The puff of flame hits you! The fire burns you terribly!
The crimson imp hits you but does no damage.
Natasha zaps a wand.
The puff of flame hits you!! The fire burns you terribly!
Xom thinks this is hilarious!
Ouch! That really hurt!
* * * LOW HITPOINT WARNING * * *
You feel less confused.
The crimson imp hits you but does no damage.
Natasha stares at you and mumbles some strange words.
The magic dart hits you.
You die...
Xom titters!

#.# #......##...
#.# #......###).
#.# #..#####....
#.# #.## #...>.
#.######.#####.....
#..........h......)
#..###########.##..
#).# #......##..
#.@# #.#....##..
#.h# #.#.##.####
#.5# #.#.##.# #..#
#†#.##.#
#..######.#....#
#.....#.....#..#
##..#.#.....#..####
#.#...............
##.###.....#..####


You could see Natasha and a crimson imp (summoned).

Vanquished Creatures
  Natasha (twice) (D:2)
  A gnoll (D:1)
  An adder (D:2)
  A worm (D:1)
  3 dart slugs
  5 endoplasms
  6 giant cockroaches
  2 goblins (D:2)
  A hobgoblin (D:1)
  6 jackals (D:2)
  2 kobolds
  A quokka (D:2)
  6 ball pythons
  2 bats (D:1)
  A frilled lizard (D:1)
  4 rats (D:1)
44 creatures vanquished.

Vanquished Creatures (collateral kills)
  An endoplasm (D:2)
1 creature vanquished.

Grand Total: 45 creatures vanquished

Notes
Turn   | Place    | Note
-------+----------+-------------------------------------------
     0 | D:1      | soylentgreeen202 the Mummy Necromancer began the quest for
                  | the Orb.
     0 | D:1      | Reached XP level 1. HP: 13/13 MP: 4/4
   441 | D:1      | Reached XP level 2. HP: 19/19 MP: 1/6
   580 | D:1      | Found a faded altar of an unknown god.
   585 | D:1      | Became a worshipper of Xom of Chaos
   823 | D:1      | XOM: noise
   861 | D:1      | XOM: 2-stop teleportation journey
  1364 | D:1      | Reached XP level 3. HP: 21/24 MP: 4/7
  1401 | D:1      | XOM: enchant monster (good)
  1466 | D:1      | XOM: silly message
  1538 | D:1      | XOM: cloud trail
  1619 | D:1      | Reached skill level 5 in Necromancy
  1908 | D:2      | Found a shimmering altar of Xom.
  2021 | D:1      | Learned a level 1 spell: Animate Skeleton
  2025 | D:1      | Learned a level 3 spell: Vampiric Draining
  2128 | D:2      | Noticed Natasha
  2144 | D:2      | XOM: god gift: 7 boomerangs
  2175 | D:2      | Killed Natasha
  2176 | D:2      | Reached XP level 4. HP: 11/30 MP: 3/8
  2474 | D:2      | Noticed Natasha
  2479 | D:2      | Killed Natasha
  2575 | D:2      | XOM: god gift: scroll labelled OXAHET DEVE {god gift}
  2894 | D:2      | Reached skill level 6 in Necromancy
  2956 | D:2      | XOM is BORED!
  3186 | D:2      | Noticed Natasha
  3189 | D:2      | XOM: confusion (+ monsters)
  3197 | D:2      | Killed from afar by Natasha

Illustrated notes

Levels and vault maps discovered:
D:1:      lemuel_arrival_lava_pool, layout_basic,
          hellmonk_ecumenical_altar_run_dry
D:2:      layout_loops_ring, basic_altar, minmay_cupped, uniq_natasha

Skill      XL: |  1  2  3  4 |
---------------+-------------+-----
Spellcasting   | 3 |  3.0
Necromancy     | 5 6 |  6.1
Dodging        | |  1.5
Stealth        | |  1.5

Action                   |  1- 3 |  4- 6 || total
-------------------------+-------+-------++-------
Melee: Unarmed           |     9 |       ||     9
       Spear             |    18 |    19 ||    37
 Cast: Pain              |    63 |    26 ||    89
       Animate Skeleton  |     1 |       ||     1
 Stab: Sleeping          |     3 |       ||     3
Armor: Robe              |     8 |     5 ||    13
Dodge: Dodged            |    37 |    16 ||    53
